 Dungeon Crawl Stone Soup version 0.30-a0-605-gb2882149bf (webtiles) character file.

Game seed: 15884128820205440681

301 NinjaNoafa the Digger (level 6, 0/44 HPs)
             Began as a Gnoll Earth Elementalist on Jan 8, 2023.
             Slain by an orc
             ... wielding a +0 trident
              (4 damage)
             ... on level 3 of the Dungeon.
             The game lasted 00:07:29 (2516 turns).

NinjaNoafa the Digger (Gnoll Earth Elementalist)    Turns: 2516, Time: 00:07:29

Health: 0/44       AC:  2    Str:  8    XL:     6   Next: 37%
Magic:  11/14      EV: 13    Int: 16    God:
Gold:   88         SH:  0    Dex: 12    Spells: 9/15 levels left

rFire   . . .      SeeInvis .    p - staff of conjuration
rCold   . . .      Faith    .    (no shield)
rNeg    . . .      Spirit   .    a - +0 robe
rPois   .          Reflect  .    (no helmet)
rElec   .          Harm     .    (no cloak)
rCorr   .          Rampage  .    (no gloves)
Will    .....                    (no boots)
Stlth   +++                      (no amulet)
HPRegen 0.27/turn                e - ring of flight
MPRegen 0.14/turn                (no ring)

@: flying
A: fangs 1, strong nose, distributed training
a: no special abilities


You were on level 3 of the Dungeon.
You visited 1 branch of the dungeon, and saw 3 of its levels.

You collected 88 gold pieces.

Inventory:

Missiles
 i - 3 poisoned darts
 o - 4 boomerangs
Armour
 a - a +0 robe (worn)
Magical Staves
 p - a staff of conjuration (weapon)
Jewellery
 e - a ring of flight (left hand)
Scrolls
 c - a scroll of magic mapping {unknown}
 g - a scroll of teleportation {unknown}
 h - a scroll of acquirement {unknown}
 j - 2 scrolls of identify {unknown}
 k - a scroll of vulnerability {unknown}
 l - 3 scrolls of silence {unknown}
 m - a scroll of enchant weapon {unknown}
 q - a scroll of noise {unknown}
 r - a scroll of poison {unknown}
Potions
 b - a potion of magic
 d - 2 potions of degeneration {unknown}
 f - a potion of berserk rage {unknown}
 n - a potion of lignification {unknown}
 s - a potion of heal wounds {unknown}
 t - a potion of ambrosia {unknown}
 u - a potion of flight {unknown}
 v - a potion of might {unknown}


   Skills:
 + Level 2.0 Fighting
 + Level 2.0 Short Blades
 + Level 2.0 Long Blades
 + Level 2.0 Axes
 + Level 2.0 Maces & Flails
 + Level 2.0 Polearms
 + Level 2.0 Staves
 + Level 2.0 Ranged Weapons
 + Level 2.0 Throwing
 + Level 2.0 Armour
 + Level 5.0 Dodging
 + Level 4.6 Stealth
 + Level 2.0 Shields
 + Level 2.0 Unarmed Combat
 + Level 5.4 Spellcasting
 + Level 1.6 Conjurations
 + Level 1.6 Hexes
 + Level 1.6 Summonings
 + Level 1.6 Necromancy
 + Level 1.6 Translocations
 + Level 2.6 Transmutations
 + Level 1.6 Fire Magic
 + Level 1.6 Ice Magic
 + Level 1.6 Air Magic
 + Level 5.7 Earth Magic
 + Level 1.6 Poison Magic
 + Level 2.2 Invocations
 + Level 2.0 Evocations


You had 9 spell levels left.
You knew the following spells:

 Your Spells              Type           Power      Damage    Failure   Level
a - Sandblast             Erth           44%        2d11      1%          1
b - Passwall              Tmut/Erth      14%        N/A       4%          2
c - Stone Arrow           Conj/Erth      48%        3d10      10%         3

Your spell library contained the following spells:

 Spells                   Type           Power      Damage    Failure   Level
 Gell's Gravitas          Tloc           9%         N/A       22%         3
 Lesser Beckoning         Tloc           18%        N/A       22%         3
 Teleport Other           Tloc           9%         N/A       22%         3
 Petrify                  Tmut/Erth      17%        N/A       26%         4
 Chain Lightning          Conj/Air       7%         3d9       100%        9
 Fire Storm               Conj/Fire      7%         8d2       100%        9
 Shatter                  Erth           11%        3d12*     100%        9


Dungeon Overview and Level Annotations

Branches:
Dungeon (3/15)

Altars:

Shops:
D:1 ((*[!


Innate Abilities, Weirdness & Mutations

You have very sharp teeth.
Your uncanny sense of smell can sniff out nearby items.
Your experience applies equally to all skills.


Message History

The puff of flame misses you.
You barely miss something.
An adder comes into view.
Something hits you. Something barely misses you.
You hear some strange, mumbled words.
Something tries to affect you, but you resist.
You see here a hobgoblin corpse.
Okay, then.
You hear some strange, mumbled words.
Something hits you. Something hits you.
You closely miss something. Something hits you.
A magic dart appears from out of thin air!
The magic dart hits something.
Reactivating autopickup.
You feel a bit more experienced.
Deactivating autopickup; reactivate with Ctrl-A.
You miss something.
You bump into the rock wall.
You hit the orc.
You blast the orc.
The orc is severely wounded.
The orc barely misses you. The orc barely misses you.
The orc hits you with a +0 flail. Something hits you.
Things that are here:
a +0 dagger; a +0 robe; an orc corpse You bump into the rock wall.
The orc hits you from afar with a +0 trident.
The orc hits you with a +0 flail. Something hits you.
You closely miss something.
You feel less confused. Something hits you.
* * * LOW HITPOINT WARNING * * *
The orc throws a boomerang.
The boomerang barely misses you. The orc barely misses you.
The orc hits you with a +0 flail!
* * * LOW HITPOINT WARNING * * *
Something hits you but does no damage.
The orc hits you from afar with a +0 trident.
You die...

# #. ### #.### #..
...# ##.# # ###
#.####†# .. ...
#......# ...
#.###.###o@#
##.####.....# #.#)#
.>....###.###
#.##oS ......##.#.#
#.# #.#
......#.###.###.#
.# .......##
##....# .
......#.###.##### #
#
...>..##.#....###.#
...... ##.#.#.....#


You could see an adder and 2 orcs.

Vanquished Creatures
  Grinder (D:3)
  An adder (D:2)
  2 worms
  A dart slug (D:3)
  An orc (D:3)
  8 bats
  2 endoplasms
  13 giant cockroaches (D:2)
  3 goblins
  9 hobgoblins
  4 jackals (D:2)
  2 quokkas (D:2)
  3 ball pythons
  4 frilled lizards
  3 kobolds
  6 rats
63 creatures vanquished.

Vanquished Creatures (others)
  An orc wizard (D:3)
1 creature vanquished.

Grand Total: 64 creatures vanquished

Notes
Turn   | Place    | Note
-------+----------+-------------------------------------------
     0 | D:1      | NinjaNoafa the Gnoll Earth Elementalist began the quest for
                  | the Orb.
     0 | D:1      | Reached XP level 1. HP: 13/13 MP: 6/6
    96 | D:1      | Found Orawkim's Antique Weapon Boutique.
   220 | D:1      | Found Syuhasu's Distillery.
   281 | D:1      | Found Mugoros's Assorted Antiques.
   360 | D:1      | Reached XP level 2. HP: 18/19 MP: 1/7
   379 | D:1      | Found Ilo Muhu's Antique Armour Emporium.
   594 | D:1      | Learned a level 2 spell: Passwall
   765 | D:1      | Found Opnan's Antique Weapon Shop.
   982 | D:2      | Reached skill level 5 in Spellcasting
   982 | D:2      | Reached XP level 3. HP: 23/25 MP: 0/9
   986 | D:2      | Learned a level 3 spell: Stone Arrow
  1307 | D:2      | Reached skill level 1 in Invocations
  1478 | D:2      | Reached skill level 1 in Fighting
  1478 | D:2      | Reached skill level 1 in Short Blades
  1478 | D:2      | Reached skill level 1 in Long Blades
  1478 | D:2      | Reached skill level 1 in Axes
  1478 | D:2      | Reached skill level 1 in Maces & Flails
  1478 | D:2      | Reached skill level 1 in Polearms
  1478 | D:2      | Reached skill level 1 in Staves
  1478 | D:2      | Reached skill level 1 in Ranged Weapons
  1478 | D:2      | Reached skill level 1 in Throwing
  1478 | D:2      | Reached skill level 1 in Armour
  1478 | D:2      | Reached skill level 1 in Shields
  1478 | D:2      | Reached skill level 1 in Unarmed Combat
  1478 | D:2      | Reached skill level 1 in Evocations
  1519 | D:2      | Reached XP level 4. HP: 32/32 MP: 0/11
  2307 | D:3      | Noticed Grinder
  2309 | D:3      | Killed Grinder
  2310 | D:3      | Reached skill level 5 in Dodging
  2310 | D:3      | Reached skill level 1 in Conjurations
  2310 | D:3      | Reached skill level 1 in Hexes
  2310 | D:3      | Reached skill level 1 in Summonings
  2310 | D:3      | Reached skill level 1 in Necromancy
  2310 | D:3      | Reached skill level 1 in Translocations
  2310 | D:3      | Reached skill level 1 in Fire Magic
  2310 | D:3      | Reached skill level 1 in Ice Magic
  2310 | D:3      | Reached skill level 1 in Air Magic
  2310 | D:3      | Reached skill level 1 in Poison Magic
  2310 | D:3      | Reached XP level 5. HP: 38/38 MP: 5/12
  2310 | D:3      | Reached XP level 6. HP: 44/44 MP: 5/14
  2516 | D:3      | Slain by an orc

Illustrated notes

Levels and vault maps discovered:
D:1:      pf_arrival_petrified_forest, layout_loops_ring, serial_shops, shop,
          nicolae_shop_overgrown_old_shop, nicolae_shop_crystal, shop,
          nicolae_shop_waterfront
D:2:      minmay_roachtagon, layout_basic
D:3:      layout_loops_ring, serial_shops, shop, uniq_grinder

Skill      XL: |  1  2  3  4  5  6 |
---------------+-------------------+-----
Transmutations | 2 |  2.6
Spellcasting   | 5 |  5.4
Invocations    | 1 2 |  2.2
Fighting       | 1 2 |  2.0
Short Blades   | 1 2 |  2.0
Long Blades    | 1 2 |  2.0
Axes           | 1 2 |  2.0
Maces & Flails | 1 2 |  2.0
Polearms       | 1 2 |  2.0
Staves         | 1 2 |  2.0
Ranged Weapons | 1 2 |  2.0
Throwing       | 1 2 |  2.0
Armour         | 1 2 |  2.0
Shields        | 1 2 |  2.0
Unarmed Combat | 1 2 |  2.0
Evocations     | 1 2 |  2.0
Dodging        | 5 |  5.0
Conjurations   | 1 |  1.6
Hexes          | 1 |  1.6
Summonings     | 1 |  1.6
Necromancy     | 1 |  1.6
Translocations | 1 |  1.6
Fire Magic     | 1 |  1.6
Ice Magic      | 1 |  1.6
Air Magic      | 1 |  1.6
Poison Magic   | 1 |  1.6
Stealth        | |  4.6
Earth Magic    | |  5.7

Action                   |  1- 3 |  4- 6 || total
-------------------------+-------+-------++-------
Melee: Great sword       |     3 |       ||     3
       Staff             |     1 |     5 ||     6
 Cast: Sandblast         |    51 |    31 ||    82
       Passwall          |     2 |       ||     2
       Stone Arrow       |     4 |     4 ||     8
Armor: Robe              |    11 |     1 ||    12
Dodge: Dodged            |    30 |    13 ||    43

Table legend: (Time is in decaauts)
 A = Elapsed time spent in this place.
 B = Non-inter-level travel time spent in this place.
 C = Inter-level travel time spent in this place.
 D = Time resting spent in this place.
 E = Time spent auto-exploring this place.
 F = Levels seen in this place.
 G = Mean time per level.
                   A        B        C        D        E       F      G
               +--------+--------+--------+--------+--------+-----+--------+
         Total |   2557 |   2508 |     49 |      0 |   2124 |   3 |  852.3 |
       Dungeon |   2557 |   2508 |     49 |      0 |   2124 |   3 |  852.3 |
               +--------+--------+--------+--------+--------+-----+--------+

Top non-repeatable levels by time:
     D:2: 1330 daAuts
     D:1: 842 daAuts
     D:3: 384 daAuts
